 Dungeon Crawl Stone Soup version 0.29-a0-393-g47a863cc1b (webtiles) character file.

Game seed: 222694165631070463

66 jlumianski the Skirmisher (level 3, -1/29 HPs)
             Began as a Demonspawn Fighter on May 10, 2022.
             Was a Follower of Ru.
             Slain by an orc
             ... wielding a +0 flail
              (6 damage)
             ... on level 3 of the Dungeon.
             The game lasted 00:05:55 (2495 turns).

jlumianski the Skirmisher (Demonspawn Fighter)      Turns: 2495, Time: 00:05:56

Health: -1/29      AC: 11    Str: 18    XL:     3   Next: 96%
Magic:  3/3        EV:  5    Int:  9    God:    Ru [*.....]
Gold:   106        SH:  4    Dex: 12    Spells: 2/2 levels left

rFire   . . .      SeeInvis .   a - +0 war axe
rCold   . . .      Faith    .   c - +0 buckler
rNeg    . . .      Spirit   .   l - +0 plate armour
rPois   .          Reflect  .   (no helmet)
rElec   .          Harm     .   (no cloak)
rCorr   .          Rampage  .   (no gloves)
Will    .....                   (no boots)
Stlth   ..........              (no amulet)
HPRegen 0.09/turn               (no ring)
MPRegen 0.08/turn               (no ring)

@: no status effects
A: hooves 1, hated by all
a: Renounce Religion


You were on level 3 of the Dungeon.
You worshipped Ru.
Ru was aware of your devotion.
You visited 1 branch of the dungeon, and saw 3 of its levels.

You collected 106 gold pieces.

Inventory:

Hand Weapons
 a - a +0 war axe (weapon)
Missiles
 m - 36 stones (quivered)
Armour
 b - a +0 scale mail
 c - a +0 buckler (worn)
 l - a +0 plate armour (worn)
Scrolls
 e - a scroll of fear {unknown}
 f - a scroll of blinking {unknown}
 i - a scroll of teleportation {unknown}
 n - 2 scrolls of identify {unknown}
 p - a scroll of immolation {unknown}
Potions
 d - a potion of might
 g - 2 potions of brilliance {unknown}
 h - a potion of attraction {unknown}
 j - a potion of haste {unknown}
 k - a potion of flight {unknown}
 o - a potion of cancellation {unknown}
 q - a potion of lignification {unknown}
 r - a potion of heal wounds {unknown}
 s - a potion of mutation {unknown}


   Skills:
 + Level 3.4 Fighting
 + Level 2.6 Axes
 + Level 3.3 Armour
 + Level 3.0 Shields


You had 2 spell levels left.
You didn't know any spells.
Your spell library was empty.

Dungeon Overview and Level Annotations

Branches:
Dungeon (3/15)

Altars:
Nemelex Xobeh
Ru


Innate Abilities, Weirdness & Mutations

You have large cloven feet.
You are hated by all.


Message History

An orc comes into view. It is wielding a +0 hand axe.
You hear a shout!
You hear an angry hiss.
You slash the orc!
You kill the orc!
An iguana comes into view.
You block the orc's attack.
Things that are here:
a +0 hand axe; an orc corpse You hit the orc.
The orc is moderately wounded.
The orc hits you with a +0 whip.
You barely miss the orc. Your kick misses the orc.
The orc is moderately wounded.
The orc barely misses you. You block the orc's attack.
You slash the orc!
You kill the orc!
You hit the iguana. You kick the iguana, but do no damage.
The iguana is moderately wounded.
The iguana bites you.
You slash the iguana!
The iguana is almost dead.
The iguana bites you but does no damage.
The iguana closely misses you.
You closely miss the iguana.
The iguana is almost dead.
The iguana bites you.
You barely miss the iguana.
The iguana is almost dead.
The iguana bites you. The iguana bites you!
You hit the iguana but do no damage. Your kick misses the iguana.
The iguana is almost dead.
The iguana bites you but does no damage.
You hit the iguana but do no damage. You kick the iguana.
The iguana is almost dead.
The iguana bites you!
* * * LOW HITPOINT WARNING * * *
You slash the iguana!
You kill the iguana!
The orc hits you with a +0 flail.
You die...

#.## ..# #.######
#.##... ##..#.##
#......#
#####.#...># #
#..o@......# #
#.######...### ....
.Sooo.............>#
####
#.#.#.#.#.####...#.#
#.#.#.#......#.# #
..# #.###..#.# ###
#.####.#.#
#........#
#######..#


You could see an orc.

Vanquished Creatures
  An iguana (D:3)
  A worm (D:2)
  3 dart slugs
  2 orcs (D:3)
  2 bats (D:1)
  5 endoplasms
  2 giant cockroaches
  9 goblins
  7 hobgoblins
  6 kobolds
  A quokka (D:1)
  2 ball pythons (D:1)
  2 frilled lizards
  6 rats
49 creatures vanquished.

Notes
Turn   | Place    | Note
-------+----------+-------------------------------------------
     0 | D:1      | jlumianski the Demonspawn Fighter began the quest for the
                  | Orb.
     0 | D:1      | Reached XP level 1. HP: 18/18 MP: 1/1
   244 | D:1      | Gained mutation: You have large cloven feet. [demonic
                  | ancestry]
   244 | D:1      | Reached XP level 2. HP: 13/24 MP: 2/2
   985 | D:1      | Reached XP level 3. HP: 29/29 MP: 3/3
  1133 | D:2      | Noticed a shining eye
  1134 | D:2      | Found a faded altar of an unknown god.
  1138 | D:2      | Noticed a golden eye
  1138 | D:2      | Noticed a great orb of eyes
  1138 | D:2      | Noticed an eye of devastation
  1148 | D:2      | Prayed at the altar of an unknown god.
  1148 | D:2      | Became a worshipper of Ru the Awakened
  1158 | D:2      | Gained mutation: You are hated by all. [Ru sacrifice]
  1158 | D:2      | Reached * piety under Ru
  2341 | D:3      | Found a sparkling altar of Nemelex Xobeh.
  2495 | D:3      | Slain by an orc

Illustrated notes

Levels and vault maps discovered:
D:1:      dpeg_arrival_simpleton_b, layout_loops_ring,
          minmay_misc_feat_four_crosses
D:2:      layout_basic, hellmonk_ecumenical_altar_watching_god, nrook_campfire
D:3:      layout_basic, mainiacjoe_overflow_catwalk, gammafunk_ghost_mausoleum,
          uniq_crazy_yiuf_cottage, uniq_terence

Skill      XL: |  1  2  3 |
---------------+----------+-----
Axes           | 2 |  2.6
Armour         | 3 |  3.3
Shields        | 3 |  3.0
Fighting       | |  3.4

Action                   || total
-------------------------++-------
Melee: War axe           ||   117
       Kick              ||    21
Invok: Sacrifice Love    ||     1
Armor: Scale mail        ||    18
       Plate armour      ||    31
Dodge: Dodged            ||    44
Block: Buckler           ||    27

Table legend: (Time is in decaauts)
 A = Elapsed time spent in this place.
 B = Non-inter-level travel time spent in this place.
 C = Inter-level travel time spent in this place.
 D = Time resting spent in this place.
 E = Time spent auto-exploring this place.
 F = Levels seen in this place.
 G = Mean time per level.
                   A        B        C        D        E       F      G
               +--------+--------+--------+--------+--------+-----+--------+
         Total |   2546 |   2495 |     51 |    189 |   1702 |   3 |  848.7 |
       Dungeon |   2546 |   2495 |     51 |    189 |   1702 |   3 |  848.7 |
               +--------+--------+--------+--------+--------+-----+--------+

Top non-repeatable levels by time:
     D:2: 1347 daAuts
     D:1: 990 daAuts
     D:3: 208 daAuts
